 Dungeon Crawl Stone Soup version 0.30.1 (webtiles) character file.

Game seed: 2989816120843898758

8 SNESPrime the Trooper (level 2, -1/26 HPs)
             Began as a Draconian Berserker on July 11, 2023.
             Was a Follower of Trog.
             Frozen to death by an endoplasm (3 damage)
             ... on level 1 of the Dungeon.
             The game lasted 00:01:07 (122 turns).

SNESPrime the Trooper (Draconian Berserker)          Turns: 122, Time: 00:01:07

Health: -1/26      AC:  4    Str: 19    XL:     2   Next: 0%
Magic:  2/2        EV: 12    Int:  7    God:    Trog [*.....]
Gold:   23         SH:  0    Dex: 10    Spells: 1/1 levels left

rFire   . . .        b - +1 mace (drain)
rCold   . . .        (no shield)
rNeg    . . .        (body armour unavailable)
rPois   .            (helmet restricted)
rElec   .            (no cloak)
rCorr   .            (no gloves)
SInv    .            (no boots)
Will    .....        (no amulet)
Stlth   +            c - +4 ring of protection
HPRegen 0.24/turn    (no ring)
MPRegen 0.08/turn

%: no passive effects
@: corroded
A: AC +4, unfitting armour, cold-blooded
a: Renounce Religion, Berserk


You were on level 1 of the Dungeon.
You worshipped Trog.
Trog was aware of your devotion.
You visited 1 branch of the dungeon, and saw 1 of its levels.

You collected 23 gold pieces.

Inventory:

Hand Weapons
 a - a +0 falchion
 b - a +1 mace of draining (weapon)
Jewellery
 c - a +4 ring of protection (left hand)


   Skills:
 + Level 3.5 Fighting
 + Level 3.3 Long Blades
 + Level 2.7 Dodging
 + Level 0.1 Stealth


You had one spell level left.
You didn't know any spells.
Your spell library was empty.

Dungeon Overview and Level Annotations

Branches:
Dungeon (1/15)

Altars:
Jiyva


Innate Abilities, Weirdness & Mutations

Your plain brown scales are hard. (AC +4)
You cannot fit into any form of body armour.
You are cold-blooded and may be slowed by cold attacks.


Message History

You now have 23 gold pieces (gained 13).
The endoplasm jiggles.
You open the large door. You sock the rat!
You kill the rat!
Trog accepts your kill. The goblin hits you but does no damage.
You have reached level 2!
Unknown command.
Unknown command.
The jelly attacks as you move away! The jelly hits you.
You are splashed with acid.
The endoplasm jiggles.
The quokka twitches its whiskers.
You closely miss the goblin.
You tail-slap the goblin, but do no damage.
The jelly closely misses you. The goblin hits you with a +0 club.
You miss the goblin.
Your tail-slap misses the goblin.
The goblin hits you with a +0 club. The jelly misses you.
The endoplasm freezes you.
You are frozen.
The endoplasm hits you but does no damage.
The goblin misses you. The jelly closely misses you.
You barely miss the goblin. The goblin closely misses you.
The jelly closely misses you. The endoplasm hits you.
The jelly attacks as you move away! The jelly barely misses you.
The goblin attacks as you move away! The goblin barely misses you.
The endoplasm barely misses you. The endoplasm attacks as you move away!
The endoplasm closely misses you. The jelly hits you but does no damage.
The goblin closely misses you.
Things that are here:
a +0 dagger; a goblin corpse The endoplasm attacks as you move away!
The endoplasm barely misses you. The goblin hits you but does no damage.
The jelly closely misses you.
The endoplasm jiggles.
The jelly attacks as you move away! The jelly hits you but does no damage.
The jelly hits you. The acid corrodes you!
You are splashed with acid.
* * * LOW HITPOINT WARNING * * *
The endoplasm freezes you.
You are frozen.
You die...

....♣. .....♣♣.♣♣..♣♣.♣ ####
....♣♣..♣...♣..♣..♣.♣. #...
....♣...♣♣..♣.♣.♣♣.♣♣
#....#####.....♣..♣...♣..♣.♣.♣
#.._.#.#J8......♣♣...)..♣♣.♣♣.
#....'...JJr........♣)..♣.♣♣.♣
#....'.J.Jr.J.♣♣..♣..♣...♣.♣♣♣
#....#.#J8SJJJ.♣...♣...♣..♣.
#....#####JJg@...♣.♣....♣♣.♣
#.... #..♣♣....♣♣...♣♣...♣
#### #..♣...♣....♣....♣♣.♣
.................♣...♣♣
######♣♣♣♣♣♣♣♣♣♣♣♣♣♣♣♣♣


You could see 2 jellies, 10 endoplasms, a quokka, a goblin, a ball python and a
rat.

Vanquished Creatures
  An endoplasm (D:1)
  4 goblins (D:1)
  A kobold (D:1)
  2 rats (D:1)
8 creatures vanquished.

Notes
Turn   | Place    | Note
-------+----------+-------------------------------------------
     0 | D:1      | SNESPrime the Draconian Berserker began the quest for the
                  | Orb.
     0 | D:1      | Reached XP level 1. HP: 19/19 MP: 1/1
    78 | D:1      | Found a large runed translucent door.
    78 | D:1      | Found a large runed translucent door.
    90 | D:1      | Found a viscous altar of Jiyva.
   101 | D:1      | Noticed a jelly
   102 | D:1      | Noticed a jelly
   113 | D:1      | Reached XP level 2. HP: 26/26 MP: 2/2
   122 | D:1      | Frozen to death by an endoplasm

Illustrated notes

Levels and vault maps discovered:
D:1:      erik_arrival_cave_to_civilisation [erik_arrival_cave_to_temple],
          layout_basic, shapermc_ecumenical_altar_mp_highgroup

Action                     || total
---------------------------++-------
  Melee: Falchion          ||     9
         Mace              ||    11
         Tailslap          ||     1
 Armour: Skin              ||    18
  Dodge: Dodged            ||    30
